 Dungeon Crawl Stone Soup version 0.31-a0-557-g6e16503903 (webtiles) character file.

Game seed: 15548382930096519397

5759 Arcadio the Fighter (level 11, 0/90 HPs)
             Began as a Formicid Fighter on Aug 16, 2023.
             Was a High Priest of Qazlal.
             Slain by a wolf (2 damage)
             ... led by Grum
             ... on level 9 of the Dungeon.
             The game lasted 00:15:19 (7251 turns).

Arcadio the Fighter (Formicid Fighter)              Turns: 7251, Time: 00:15:20

Health: 0/90       AC:  3    Str: 25    XL:     11   Next: 6%
Magic:  16/16      EV:  9    Int: 14    God:    Qazlal [*****.]
Gold:   644        SH: 16    Dex: 13    Spells: 10/10 levels left

rFire   . . .        v - +11 Singing Sword {sonic wave}
rCold   . . .        c - +0 buckler
rNeg    . . .        b - +0 scale mail
rPois   .            (helmet unavailable)
rElec   .            (cloak currently unavailable)
rCorr   .            (gloves currently unavailable)
SInv    +            (boots currently unavailable)
Will    +....        g - amulet of reflection Stlth
                     h - +6 ring of intelligence
HPRegen 0.35/turn    (no ring)
MPRegen 0.15/turn

%: repel missiles, reflection
@: beast-form, protected from physical damage, corroded
A: beast (slay +0), permanent stasis, dig shafts and tunnels, antennae 3, four
strong arms
a: Dig, Shaft Self, Begin Untransformation, Renounce Religion, Upheaval,
Elemental Force, Disaster Area


You were on level 9 of the Dungeon.
You worshipped Qazlal.
Qazlal was extremely pleased with you.
You were a hulking beast.
You visited 2 branches of the dungeon, and saw 10 of its levels.

You collected 644 gold pieces.

Inventory:

Hand Weapons
 a - a +0 war axe
 v - the +11 Singing Sword (weapon) {sonic wave}
   (You found it on level 5 of the Dungeon)
 C - a +5 battleaxe
Armour
 b - a +0 scale mail (worn)
 c - a +0 buckler (worn)
 w - a +0 cloak
Jewellery
 g - an amulet of reflection (around neck)
 h - a +6 ring of intelligence (left hand)
 z - a ring of ice
 D - a ring of ice
 G - a +4 ring of protection
Talismans
 i - a beast talisman (active)
Wands
 E - a wand of roots (15)
 F - a wand of flame (19)
 H - a wand of charming (6)
Scrolls
 e - 2 scrolls of amnesia {unknown}
 f - 3 scrolls of revelation
 k - a scroll of vulnerability {unknown}
 l - 5 scrolls of blinking
 o - 3 scrolls of enchant weapon
 p - 3 scrolls of poison {unknown}
 r - a scroll of identify
 t - a scroll of fear {unknown}
 u - a scroll of torment {unknown}
 x - 4 scrolls of teleportation {unknown}
 y - 2 scrolls of noise {unknown}
 B - 2 scrolls of immolation {unknown}
 J - a scroll of enchant armour {unknown}
Potions
 d - 3 potions of might
 j - 4 potions of enlightenment
 m - a potion of curing
 n - 3 potions of haste
 q - 2 potions of brilliance {unknown}
 s - 4 potions of heal wounds {unknown}
 A - 2 potions of mutation {unknown}
 I - a potion of lignification {unknown}


   Skills:
 + Level 9.7 Fighting
 + Level 8.4 Axes
 + Level 9.6 Armour
 - Level 5.0 Shields
 - Level 7.7 Invocations


You had 10 spell levels left.
You didn't know any spells.
Your spell library contained the following spells:

 Spells                   Type           Power      Damage    Failure   Level
 Magic Dart               Conj           0%         1d3       56%         1
 Call Imp                 Summ           0%         N/A       71%         2
 Cigotuvi's Dreadful Rot  Necr/Pois/Air  0%         N/A       71%         2
 Gell's Gravitas          Tloc           0%         N/A       91%         3
 Mephitic Cloud           Conj/Pois/Air  0%         N/A       91%         3
 Teleport Other           Tloc           0%         N/A       91%         3
 Volatile Blastmotes      Fire/Tloc      0%         2d10      91%         3
 Dispel Undead            Necr           0%         3d6       100%        4
 Fulminant Prism          Conj/Hex       0%         3d5       100%        4
 Iskenderun's Mystic Bla  Conj/Tloc      0%         2d3       100%        4
 Death Channel            Necr           0%         N/A       100%        6
 Dispersal                Tloc           0%         N/A       100%        6


Dungeon Overview and Level Annotations

Branches:
Dungeon (9/15) Zot: 26689  Temple (1/1) D:7 Zot: 5998
   Lair: D:8-11         Orc: D:9-12

Altars:
Ashenzari
Cheibriados
Dithmenos
Elyvilon
Fedhas
Gozag
Hepliaklqana
Kikubaaqudgha
Makhleb
Nemelex Xobeh
Okawaru
Qazlal
Ru
Sif Muna
Uskayaw
Vehumet
Xom
Yredelemnul
Zin

Shops:
D:2 (   D:4 =   D:7 (   D:8 :

Annotations:
D:9 Grum


Innate Abilities, Weirdness & Mutations

You are a hulking beast.
Your limbs bulge with bestial killing power. (Slay +0)
You cannot be hasted, slowed, berserked, paralysed or teleported.
You can dig through walls and to a lower floor.
You have a pair of large antennae on your head. (SInv)
Your four strong arms can wield two-handed weapons with a shield.


Message History

A wolf comes into view.
The orc is engulfed in a thunderstorm.
You kill the orc!
Qazlal accepts your kill.
You can now call upon nature's wrath in a wide area around you.
The acid dragon spits acid at you. The splash of acid hits you!
The acid corrodes you! The wolf bites you!
You feel protected from physical attacks.
You block the wolf's attack.
Grum the Hunter comes into view.
He is wielding a -2 glaive.
You block the wolf's attack. The wolf bites you but does no damage.
Things that are here:
a +0 mace; a +0 chain mail You slice the acid dragon!!
The acid dragon is severely wounded.
The wolf barely misses you. The acid dragon bites you!
You block the acid dragon's attack. You block the wolf's attack.
The wolf bites you.
You feel more protected from physical attacks.
The wolf barely misses you. The acid dragon spits acid at you.
The splash of acid hits you!! The acid corrodes you!
You slash the acid dragon!
You kill the acid dragon!
Qazlal accepts your kill. You block the wolf's attack. The wolf bites you!
* * * LOW HITPOINT WARNING * * *
You feel more protected from physical attacks.
The wolf closely misses you. The wolf bites you!
* * * LOW HITPOINT WARNING * * *
You block the wolf's attack. The wolf bites you.
* * * LOW HITPOINT WARNING * * *
You feel more protected from physical attacks.
Grum points his finger and growls, "Attack!"
The wolf bites you!
* * * LOW HITPOINT WARNING * * *
You feel more protected from physical attacks.
The wolf bites you.
You die...

....# .....# # ......# #
....... # ...g...## #
.......o# .<...hh☼##
.....§hh.# .....☼h§.###
# ......§....### #
......####...###########
....## ###....#.......
#### ###..........
###........ ###......
##)....


You could see Grum, 4 wolves and an orc.

Vanquished Creatures
  Erica (D:9)
  Pikel (D:8)
  2 hornets
  6 yaks (D:5)
  A shadow (D:8)
  An acid dragon (D:9)
  2 water moccasins (D:6)
  A sky beast (D:7)
  4 orc warriors
  3 ice beasts
  2 ogres
  A phantom (D:5)
  A lemure (D:8)
  3 kobold brigands
  A gnoll sergeant (D:7)
  2 bullfrogs (D:8)
  7 scorpions
  5 wights (D:7)
  3 howler monkeys
  A bullfrog zombie (D:5)
  A jelly (D:8)
  5 orc priests
  A sleepcap (D:7)
  2 hounds
  5 iguanas
  6 orc wizards
  A scorpion zombie (D:5)
  4 gnolls (D:7)
  15 adders
  2 shadow imps
  5 white imps
  An ufetubus (D:5)
  7 worms
  A dart slug (D:1)
  32 orcs
  7 ball pythons
  6 endoplasms
  2 hobgoblins (D:1)
  10 jackals
  20 kobolds
  3 quokkas
  9 bats
  3 frilled lizards
  7 goblins
  3 rats
206 creatures vanquished.

Vanquished Creatures (others)
  A human (D:5)
1 creature vanquished.

Grand Total: 207 creatures vanquished

Notes
Turn   | Place    | Note
-------+----------+-------------------------------------------
     0 | D:1      | Arcadio the Formicid Fighter began the quest for the Orb.
     0 | D:1      | Reached XP level 1. HP: 18/18 MP: 1/1
   161 | D:1      | Reached XP level 2. HP: 18/24 MP: 2/2
   323 | D:1      | Reached XP level 3. HP: 21/30 MP: 3/3
   841 | D:2      | Found a radiant altar of Vehumet.
   871 | D:2      | Reached XP level 4. HP: 37/37 MP: 4/4
   995 | D:2      | Found Sitruef's Weapon Shoppe.
  1516 | D:3      | Reached XP level 5. HP: 43/43 MP: 5/5
  1526 | D:3      | Found a faded altar of an unknown god.
  1545 | D:3      | Prayed at the altar of an unknown god.
  1545 | D:3      | Became a worshipper of Qazlal Stormbringer
  1545 | D:3      | Reached * piety under Qazlal
  1751 | D:3      | Reached XP level 6. HP: 44/50 MP: 6/6
  1815 | D:3      | Found a sacrificial altar of Ru.
  2128 | D:4      | Reached skill level 5 in Fighting
  2128 | D:4      | Reached skill level 1 in Invocations
  2153 | D:4      | Found Xycy's Jewellery Shop.
  2158 | D:4      | Reached skill level 5 in Armour
  2346 | D:4      | Noticed an ogre
  2460 | D:4      | Killed an ogre
  2461 | D:4      | Reached XP level 7. HP: 10/56 MP: 8/8
  3048 | D:4      | Identified the +2 robe "Rydaq" {Harm Will- Str-4 SInv}
  3083 | D:5      | Entered Level 5 of the Dungeon
  3247 | D:5      | Reached ** piety under Qazlal
  3416 | D:5      | Reached XP level 8. HP: 51/64 MP: 10/10
  3536 | D:5      | Found the +11 Singing Sword {sonic wave}
  3679 | D:5      | Reached skill level 5 in Axes
  3786 | D:5      | Found a basalt altar of Yredelemnul.
  3866 | D:5      | Noticed a yak
  3870 | D:5      | Killed a yak
  3870 | D:5      | Noticed a yak
  3871 | D:5      | Noticed a yak
  3874 | D:5      | Noticed a yak
  3875 | D:5      | Noticed a yak
  3877 | D:5      | Killed a yak
  3877 | D:5      | Noticed a yak
  3878 | D:5      | Reached skill level 5 in Invocations
  3878 | D:5      | Reached XP level 9. HP: 52/71 MP: 12/12
  3991 | D:5      | Found an ancient bone altar of Kikubaaqudgha.
  4196 | D:6      | Reached *** piety under Qazlal
  4262 | D:6      | Found a shadowy altar of Dithmenos.
  4593 | D:6      | Found a hazy altar of Hepliaklqana.
  4621 | D:6      | Found an iron altar of Okawaru.
  4712 | D:6      | Noticed a +0 dagger
  4712 | D:6      | Noticed a +0 hand axe
  4713 | D:6      | Found a hide-covered altar of Uskayaw.
  4919 | D:6      | Reached XP level 10. HP: 75/80 MP: 15/15
  5159 | D:6      | Found a shimmering blue altar of Sif Muna.
  5567 | D:7      | Found Gaunal's Weapon Shoppe.
  5611 | D:7      | Found a snail-covered altar of Cheibriados.
  5764 | D:7      | Found a staircase to the Ecumenical Temple.
  5882 | D:7      | Reached **** piety under Qazlal
  6267 | Temple   | Entered the Ecumenical Temple
  6369 | D:8      | Noticed Pikel
  6379 | D:8      | Killed Pikel
  6666 | D:8      | Reached skill level 5 in Shields
  6682 | D:8      | Found Wyajudam's Book Shoppe.
  7138 | D:9      | Noticed Erica
  7146 | D:9      | Killed Erica
  7147 | D:9      | Reached XP level 11. HP: 88/90 MP: 16/16
  7248 | D:9      | Reached ***** piety under Qazlal
  7249 | D:9      | Noticed Grum
  7251 | D:9      | HP: 2/90 [wolf[Grum] (7)]
  7251 | D:9      | Slain by a wolf

Illustrated notes

Levels and vault maps discovered:
D:1:      amcnicky_arrival_underground_garden, layout_basic, minivault_25
D:2:      layout_rooms, serial_shops, nicolae_shop_advertising_works
          [nicolae_subvault_shop_adworks], basic_altar, hangedman_decor_lopped
D:3:      layout_rooms, nicolae_ru_awakened_eye,
          ebering_ecumenical_altar_petrified
D:4:      layout_loops_cross, serial_shops, nicolae_shop_gaudy_bauble,
          chequers_serial_rivers_micro_a, minmay_misc_feat_room
D:5:      old_forge, layout_rooms, tgw_kikubaaqudgha,
          lemuel_zombie_altar_yredelemnul
D:6:      layout_layer_cave, dancing_weapons_uskayaw,
          mainiacjoe_overflow_six_doors_small, lemuel_crystal_altar,
          led_sif_book, nicolae_overflow_crystal_walls
D:7:      layout_loops_ring, mainiacjoe_overflow_tiny_flanked,
          minmay_temple_entry_large_hall, serial_shops, shop,
          minmay_quadrilaterals
D:8:      layout_cave_pools, serial_shops, kennysheep_little_box, uniq_pikel
D:9:      layout_cave_pods, uniq_grum, uniq_erica
Temple:   eino_wide_crystal_templ

Skill      XL: |  1  2  3  4  5  6  7  8  9 10 |
---------------+-------------------------------+-----
Fighting       | 4 5 6 8 9 |  9.7
Armour         | 4 5 6 8 9 |  9.6
Axes           | 3 4 5 6 8 |  8.4
Invocations    | 2 3 5 6 7 |  7.7
Shields        | 5 |  5.0

Action                     |  1- 3 |  4- 6 |  7- 9 | 10-12 || total
---------------------------+-------+-------+-------+-------++-------
  Melee: War axe           |    92 |   145 |    88 |       ||   325
         Double sword      |       |       |    86 |   111 ||   197
    Use: Scroll            |       |     4 |       |     2 ||     6
         Potion            |       |       |     1 |     3 ||     4
 Armour: Scale mail        |    64 |    53 |    58 |    21 ||   196
  Dodge: Dodged            |    46 |    53 |    66 |    34 ||   199
         Repelled          |       |       |       |     1 ||     1
  Block: Buckler           |    21 |    45 |    71 |    86 ||   223
         Reflection        |       |       |       |     6 ||     6
   Form: Beast             |     1 |       |       |       ||     1

Table legend: (Time is in decaauts)
 A = Elapsed time spent in this place.
 B = Non-inter-level travel time spent in this place.
 C = Inter-level travel time spent in this place.
 D = Time resting spent in this place.
 E = Time spent auto-exploring this place.
 F = Levels seen in this place.
 G = Mean time per level.
                   A        B        C        D        E       F      G
               +--------+--------+--------+--------+--------+-----+--------+
         Total |   7475 |   7273 |    202 |    823 |   4907 |  10 |  747.5 |
       Dungeon |   7473 |   7271 |    202 |    823 |   4907 |   9 |  830.3 |
        Temple |      1 |      1 |      0 |      0 |      0 |   1 |    1.0 |
               +--------+--------+--------+--------+--------+-----+--------+

Top non-repeatable levels by time:
     D:5: 1125 daAuts
     D:6: 1114 daAuts
     D:7: 1077 daAuts
     D:3: 1002 daAuts
     D:4: 778 daAuts
     D:1: 711 daAuts
     D:2: 686 daAuts
     D:8: 681 daAuts
     D:9: 296 daAuts
  Temple: 1 daAuts
